cohdb
Replays
Latest Replays
All Replays
Popular Replays
Top Player Replays
Match Explorer
How It Works
Community
CoH3 Stats
Reddit
Sign in to upload your games and track your stats! →
Sign in with Steam
Match 43802942
Unlisted
Match 43802942
Overview
Messages
Build Orders
End
Construct Barracks
Scout Squad
1⁄4-ton 4x4 Truck
Riflemen Squad
Riflemen Squad
Grenade Package
Mechanized Support Center
1⁄4-ton 4x4 Truck
Construct Medical Station
M1 Mortar Team
Designate Forward Repair Station
Construct Motor Pool
M8 Greyhound Armored Car
Selects Heavy Weapons
Selects M2HB .50cal Heavy Machine Gun
Selects Assault Carriers
Selects Exchangeable Parts
M3 75 mm Gun Motor Carriage
M1918 Browning Automatic Rifles
Riflemen Squad
Improvised Armor
Designate Forward Repair Station
M1 Anti-tank Gun Team
Riflemen Squad
Engineer Squad
M1 Anti-tank Gun Team
Forward Retreat Point
Mortar Pit
Riflemen Squad
Selects M26 Pershing Heavy Tank
M26 Pershing Heavy Tank
Selects Gallant Stand
Lilfuture
jota barba 7
North_Ampton
coinisi
0
0
Comments
sign in to comment!
No comments posted yet!